← All builds
Geo / Armada / Economy first / OBSERVED BUILD

Platypus raid

Armada Geo build order · Supreme Isthmus

Geo builds an Advanced Bot Lab and raids forward with T2 Platypus amphibious bots from about 8:03, reaching the enemy base in most games.

Usually blows up the commander for T2 (67%)

#t2 #raid #amphibious · 15 distinct matches · 7 players · 1% of Armada Geo games · team won 73% of 15 · Recently observed

THE CATCH, AND WHAT COMES WITH IT
  • PlatypusT2 bot raid from 8:03 · 1% of role by thenFrom the Advanced Bot Lab. Only 1% of Geo games have it by then; others who build it get it around 11:12
  • Advanced Bot LabAdvanced Bot Lab in 100%7% of all Geo games by then
  • PlatypusPlatypus in 73%4% of all Geo games by then
  • HerculesLight transport from an ally in 67%22% of all Geo games by then
  • SharpshooterSniper bot in 47%5% of all Geo games by then

Where those units first fight, in 13 games with kill data: in the middle 69%, on their own side 31%.

Those units destroy a typical 3,800 metal of enemy units by 15:00.

Then transitions into sniper bot (13% of army).

HOW TO PLAY IT

Key timing: Advanced Bot Lab by 7:09

  1. Open standard mex, wind and geo as usual.
  2. Push Advanced Metal Extractor, then Advanced Geothermal by 7:08.
  3. Rush Advanced Bot Lab right after geo tech finishes.
  4. Lead with Platypus bots raiding toward the enemy base.
  5. Add T2 bot snipers (Sharpshooter), then shift to T2 cons for allies.

Phase by phase

TYPICAL OF ITS 15 GAMES · AGAINST STANDARD GEO
  1. 1
  2. 2
  3. 3
  4. 4
  5. 5
PLAY THE OPENING

Follow the example game's first 9:03 step by step: what to build now, what comes next, and where it goes. At 1× it keeps pace with your own game.

  1. 1

    Up to the Bot Lab

    Economy
    • Metal Extractor3Mex
    • Wind Turbine4Wind
    Order
    1. Bot LabBot Lab after 3 mex, 4 winddone ~1:21, middle half 1:09–1:21

    By 1:05 in all: 3 mex · 4 wind

    The example game in this phase · 3 steps
    1. Mex ×3
    2. Wind ×4
    3. Bot LabBot Labdone 1:26 · typical 1:21
  2. 2

    Bot Lab to 5:00

    Economy
    • Metal Extractor1Mex
    • Wind Turbine1Wind−2 vs standard
    • Energy Converter5Converter−3 vs standard
    • Energy Storage2Energy storage
    Order
    1. Geothermal PowerplantGeo after 4 mex, 4 wind, 1 energy storage
    2. Bot LabEat Bot Lab
    Builders
    • Construction Turret6 Con turret
    • Lazarus4 Lazarus
    • Construction Bot2 Con bot
    • Lazarus1 Lazarus for allies
    • Construction Bot1 Con bot for allies

    Some games also: tick (40%) · Radar Tower (40%)

    By 5:00 in all: 4 mex · 4 wind (standard 7) · 1 geo · 5 converter (standard 8) · 2 energy storage · 6 con turret

    The example game in this phase · 15 steps
    1. Construction BotCon botfor Beach sea
    2. LazarusLazarus ×3
    3. Mex
    4. LazarusLazarus ×2
    5. Construction BotCon bot
    6. Construction BotCon botfor Pond
    7. Energy storage
    8. Geothermal PowerplantGeodone 3:43 · typical 3:34
    9. Construction BotCon bot
    10. Con turret ×3
    11. Bot LabEat Bot Labreclaimed for its metal
    12. Con turret ×3
    13. Energy storage
    14. Advanced Metal ExtractorT2 mexdone 5:12 · typical 5:30
    15. Converter ×3
  3. 3

    5:00 to Advanced Bot Lab

    Economy
    • Energy Converter2Converter
    Order
    1. Advanced Geothermal PowerplantAdvanced Geothermal Powerplant after 4 mex, 12 converter, 6 con turretin 67% of games
    2. Advanced Bot LabAdvanced Bot Lab after 4 mex, 12 converter, 6 con turretdone ~7:33, middle half 7:03–7:58

    Some games also: Rattlesnake for allies (33%)

    By 6:52 in all: 4 mex · 4 wind (standard 9) · 1 geo · 1 Advanced Geothermal Powerplant · 12 converter · 2 energy storage

    The example game in this phase · 9 steps
    1. Converter
    2. Advanced Metal ExtractorT2 mex
    3. Converter ×4
    4. Advanced Metal ExtractorT2 mex
    5. Converter ×4
    6. Advanced Metal ExtractorT2 mex
    7. Advanced Geothermal PowerplantAdvanced Geothermal Powerplantdone 6:51 · typical 7:08
    8. RattlesnakeRattlesnakefor Suicide frontdone 7:15
    9. Advanced Bot LabAdvanced Bot Labdone 7:38 · typical 7:33
  4. 4

    Advanced Bot Lab to T2 bot raid

    Economy
    • Energy Converter1Converter
    Order
    1. PlatypusT2 bot raid after 4 mex, 12 converter, 6 con turret
    Builders
    • Advanced Construction Bot1 T2 con bot for allies

    Some games also: con turret (33%)

    By 8:03 in all: 4 mex · 4 wind (standard 11) · 1 geo · 1 Advanced Geothermal Powerplant · 12 converter · 2 energy storage

    The example game in this phase · 6 steps
    1. Converter
    2. Advanced Construction BotT2 con botfor Front
    3. Converter
    4. Advanced Construction BotT2 con botfor Suicide front
    5. Converter
    6. PlatypusPlatypusdone 8:05
  5. 5

    T2 bot raid to 10:00

    Economy
    • Energy Converter4Converter+2 vs standard
    Army
    • Platypus12 Platypus +12 vs standard

    Some games also: wind (47%) · Butler (40%)

    The standard build makes here, this one skips: 4 wind · 2 Starlight

    By 10:00 in all: 4 mex · 7 wind (standard 18) · 1 geo · 1 Advanced Geothermal Powerplant · 16 converter · 2 energy storage

    The example game in this phase · 110 steps
    1. Converter
    2. PlatypusPlatypus
    3. Converter
    4. PlatypusPlatypus
    5. Converter
    6. PlatypusPlatypus ×2
    7. Converter
    8. PlatypusPlatypus
    9. Converter
    10. PlatypusPlatypus
    11. Converter
    12. PlatypusPlatypus
    13. Converter
    14. PlatypusPlatypus ×2
    15. Converter
    16. PlatypusPlatypus ×2
    17. Converter
    18. PlatypusPlatypus
    19. RattlesnakeRattlesnake
    20. Converter
    21. PlatypusPlatypus
    22. Converter
    23. PlatypusPlatypus
    24. Converter
    25. PlatypusPlatypus
    26. Hovercraft PlatformHovercraft Platformdone 10:00
    27. PlatypusPlatypus ×2
    28. Construction HovercraftCon hovercraft
    29. PlatypusPlatypus
    30. Construction HovercraftCon hovercraft
    31. PlatypusPlatypus
    32. Construction HovercraftCon hovercraft
    33. ButlerButler ×10
    34. RattlesnakeRattlesnake
    35. PlatypusPlatypus ×3
    36. Wind
    37. PlatypusPlatypus
    38. Metal storage
    39. Wind
    40. PlatypusPlatypus
    41. Wind ×2
    42. PlatypusPlatypus
    43. Wind
    44. Converter
    45. Wind ×3
    46. Advanced Construction BotT2 con bot
    47. Wind ×2
    48. Converter
    49. Wind
    50. Converter
    51. Wind ×2
    52. PlatypusPlatypus
    53. Wind
    54. Converter
    55. Wind ×2
    56. Converter
    57. Wind ×2
    58. PlatypusPlatypus
    59. Wind ×2
    60. Converter ×2
    61. Wind ×3
    62. Converter
    63. Wind ×3
    64. Converter
    65. Wind ×2
    66. RattlesnakeRattlesnake
    67. Wind
    68. Converter ×2
    69. Wind ×5
    70. Converter
    71. Wind
    72. Converter
    73. Wind ×3
    74. Converter
    75. Wind ×2
    76. Converter
    77. Wind ×3
    78. Converter
    79. Wind
    80. Converter
    81. Wind ×3
    82. Converter
    83. Wind ×3
    84. Converter
    85. Wind ×2
    86. Converter
    87. Wind
    88. CitadelAnti-nukenot finished by 15:00
    89. Converter
    90. Wind ×3
    91. Converter
    92. Wind ×3
    93. Converter
    94. Wind ×2
    95. Converter ×2
    96. Wind ×2
    97. Converter
    98. Wind ×3
    99. Converter
    100. Wind ×3
    101. Converter
    102. Wind
    103. Converter
    104. Wind ×2
    105. Converter
    106. Wind ×3
    107. Converter
    108. Wind
    109. Converter
    110. Wind ×2

Counts are medians over the build's games: half of them build more, half fewer. The example game is DRM's (43 OS, 13/10/2026); pick another.

Team trades

IN AT LEAST 30% OF ITS GAMES

You hand over

  • Lazarus1 Lazarus to Beach sea or Techfirst at 2:33 · in 80% of games
  • Construction Bot1 Con bot to Beach seafirst at 2:47 · in 93% of games
  • Advanced Construction Bot2 T2 con bot to Suicide front or Frontfirst at 7:48 · in 93% of games
  • Rattlesnake1 Rattlesnake to Front or Suicide front or Pondfirst at 8:12 · in 40% of games

You get

  • Hercules1 Light transport from Airfirst at 4:09 · in 67% of games
  • Advanced Construction Bot1 T2 con bot from Techfirst at 4:41 · in 80% of games

How it plays out

Typical game of this build against the role’s standard build, running totals by minute

  • This build
  • Standard geo

Metal produced

020k40k
0:005:0010:0015:00

metal

Enemy metal destroyed

05k10k15k
0:005:0010:0015:00

metal

Own metal lost

02.5k5k7.5k
0:005:0010:0015:00

metal

15 games.

Show as table
ByMetal produced: This buildMetal produced: Standard geoEnemy metal destroyed: This buildEnemy metal destroyed: Standard geoOwn metal lost: This buildOwn metal lost: Standard geo
1:003753330000
2:009048590000
3:00151315270000
4:00251326700000
5:00367936930000
6:005872563600210
7:008136801900210
8:001097011343520210
9:00142811440685432184
10:001762817270210475105202
11:0020662201104041745235520
12:002518122974144936187801605
13:0028646257253293587429902970
14:0031097285605921824639004419
15:00327483134767841020161645552
WHAT THE NUMBERS SAY

Beat the standard build's team win rate clearly, though it destroyed less enemy metal by 15:00.

  • + Team win rate 75% vs standard's 54%.
  • + Metal produced by 15:00 is 32918 vs 31674 standard.
  • − Enemy metal destroyed by 15:00 is only 7052 vs 10573 for standard.
  • − Reaching Advanced Bot Lab this early is rare, only 7% of role games do it by 7:09.
THE EXAMPLE YOU ARE READING

DRM

43.2 OS · 13/10/2026

Open source match ↗

3 received units · includes a constructor
1365 metal received · 248471 energy received

Allied construction assistance is unknown. Timings are observations, not a promise of solo reproducibility.

Typical milestones

Bot Lab1:21Middle 50%: 1:09–1:21 · n=15
Geothermal Powerplant3:34Middle 50%: 3:25–3:42 · n=15
Advanced Metal Extractor5:30Middle 50%: 5:14–5:44 · n=15
Advanced Geothermal Powerplant7:08Middle 50%: 6:52–7:31 · n=13
Advanced Bot Lab7:33Middle 50%: 7:03–7:58 · n=15

Played most by

DRM8games of this buildSyphos2games of this build[NWP]Bertus99121game of this build0neTw01game of this buildDanma1game of this build